 Dungeon Crawl Stone Soup version 0.24.0-1-gfbc8707 (webtiles) character file.

Game seed: 3353389896030979636, levelgen mode: deterministic

124 Fang the Skirmisher (level 5, -2/49 HPs)
             Began as a Gargoyle Berserker on Nov 4, 2019.
             Was a Believer of Trog.
             Slain by an orc
             ... wielding a +0 mace
              (5 damage)
             ... on level 3 of the Dungeon.
             The game lasted 00:01:05 (1492 turns).

Fang the Skirmisher (Gargoyle Berserker)            Turns: 1492, Time: 00:01:05

Health: -2/49      AC:  6    Str: 27    XL:     5   Next: 8%
Magic:  5/5        EV: 12    Int:  7    God:    Trog [**....]
Gold:   103        SH:  0    Dex:  9    Spells: 4/4 levels left

rFire    . . .     SeeInvis .   a - +0 hand axe
rCold    . . .     Gourm    .   (no shield)
rNeg     + . .     Faith    .   b - +0 animal skin
rPois    ∞         Spirit   .   (no helmet)
rElec    +         Reflect  .   (no cloak)
rCorr    .         Harm     .   (no gloves)
MR       .....                  (no boots)
Stlth    ..........             (no amulet)
HPRegen  0.16/turn              (no ring)
MPRegen  0.09/turn              (no ring)

@: berserking, very quick
A: negative energy resistance 1, electricity resistance, unbreathing,
petrification resistance, rot immunity, AC +4
a: Berserk, Trog's Hand, Renounce Religion


You were on level 3 of the Dungeon.
You worshipped Trog.
Trog was pleased with you.
You were hungry.

You visited 1 branch of the dungeon, and saw 3 of its levels.

You collected 103 gold pieces.

Inventory:

Hand Weapons
 a - a +0 hand axe (weapon)
Armour
 b - a +0 animal skin (worn)
Scrolls
 e - 3 scrolls of identify {unknown}
 k - a scroll of immolation {unknown}
 l - a scroll of teleportation {unknown}
Potions
 f - a potion of might {unknown}
 g - a potion of ambrosia {unknown}
 h - a potion of lignification {unknown}
 i - a potion of resistance {unknown}
 j - 3 potions of curing {unknown}
Comestibles
 c - 6 rations
 d - a chunk of flesh


   Skills:
 + Level 4.2 Fighting
 + Level 3.3 Axes
 + Level 3.3 Armour
 + Level 2.4 Dodging


You had 4 spell levels left.
You didn't know any spells.
Your spell library was empty.

Dungeon Overview and Level Annotations

Branches:
Dungeon (3/15)

Altars:
Fedhas


Innate Abilities, Weirdness & Mutations

You are resistant to torment.
Your stone body is resilient. (AC +4)
You are immune to poison.
You resist negative energy. (rN+)
You are resistant to electric shocks. (rElec)
You can survive without breathing.
You are immune to petrification.
You are immune to rotting.


Message History

You are feeling hungry.
The orc priest hits you but does no damage.
The orc closely misses you. The orc hits you but does no damage.
The orc barely misses you. The orc wizard barely misses you.
You slash the orc priest!
The orc priest is almost dead.
You completely miss the orc. You closely miss the orc wizard.
You slash the orc!
You kill the orc!
Trog accepts your kill.
You closely miss the orc. The orc priest barely misses you.
The orc barely misses you.
You slash the orc priest!
You kill the orc priest!
Trog accepts your kill.
You have reached level 5!
You barely miss the orc.
You hit the orc wizard but do no damage.
You hit the orc. The orc hits you with a +0 mace.
You die...

....................
............#....#...###
............#....#####
............#......#
............#......#
..........#......#
#...............#
#.))o..........#
##o@)#.........##
#)#o#...........
#.............##
......##.........#
....... ##÷#......#
....... #<......##
#...... ##......#
#...... #......# #......
#......#


You could see an orc wizard and 2 orcs.

Vanquished Creatures
  A howler monkey (D:2)
  An orc priest (D:3)
  3 dart slugs
  A leopard gecko (D:2)
  5 orcs (D:3)
  A ball python (D:2)
  4 giant cockroaches
  6 goblins
  3 hobgoblins
  5 kobolds
  2 quokkas (D:2)
  4 bats (D:2)
  2 frilled lizards (D:2)
  5 rats
43 creatures vanquished.

Notes
Turn   | Place    | Note
-------+----------+-------------------------------------------
     0 | D:1      | Fang the Gargoyle Berserker began the quest for the Orb.
     0 | D:1      | Reached XP level 1. HP: 14/14 MP: 1/1
    92 | D:1      | Reached XP level 2. HP: 9/19 MP: 2/2
   768 | D:2      | Reached XP level 3. HP: 23/23 MP: 3/3
   840 | D:2      | Found a blossoming altar of Fedhas.
   994 | D:2      | Reached ** piety under Trog
  1161 | D:2      | Reached skill level 4 in Fighting
  1161 | D:2      | Reached XP level 4. HP: 29/29 MP: 4/4
  1489 | D:3      | HP: 1/29 [orc wizard/+0 dagger (2)]
  1492 | D:3      | Reached XP level 5. HP: 2/33 MP: 5/5
  1492 | D:3      | Slain by an orc

Levels and vault maps discovered:
D:1:      minmay_arrival_arboretum_small, layout_basic
D:2:      layout_loops_ring, glass_columns_a, fedhas_altar_2, uniq_sigmund
D:3:      layout_basic, old_standard_altar, uniq_terence

Skill      XL: |  1  2  3 |
---------------+----------+-----
Axes           | 3 |  3.3
Dodging        | 2 |  2.4
Fighting       | 4 |  4.2
Armour         | 3 |  3.3

Action                   |  1- 3 |  4- 6 || total
-------------------------+-------+-------++-------
Melee: Hand axe          |    86 |    27 ||   113
Invok: Berserk           |       |     1 ||     1
 Stab: Sleeping          |     1 |       ||     1
  Eat: Chunk             |     1 |     1 ||     2
Armor: Animal skin       |    29 |    13 ||    42
Dodge: Dodged            |    60 |    31 ||    91
